 Dungeon Crawl Stone Soup version 0.24.0-125-gc4c63601f3 (webtiles) character file.

Game seed: 15920531807441447620, levelgen mode: deterministic

140 UnderR0ck the Conjurer (level 5, -9/28 HPs)
             Began as a Deep Elf Conjurer on Mar 8, 2020.
             Was an Initiate of Vehumet.
             Killed by divine providence
             ... invoked by an orc priest
              (12 damage)
             ... on level 3 of the Dungeon.
             The game lasted 00:25:55 (3454 turns).

UnderR0ck the Conjurer (Deep Elf Conjurer)          Turns: 3454, Time: 00:25:55

Health: -9/28      AC:  3    Str:  5    XL:     5   Next: 2%
Magic:  8/14       EV: 13    Int: 21    God:    Vehumet [......]
Gold:   136        SH:  0    Dex: 15    Spells: 3/14 levels left

rFire    + . .     SeeInvis .   f - +0 dagger
rCold    + . .     Gourm    .   (no shield)
rNeg     . . .     Faith    .   i - +1 robe {rC+}
rPois    .         Spirit   .   (no helmet)
rElec    .         Reflect  .   (no cloak)
rCorr    .         Harm     .   (no gloves)
MR       .....                  (no boots)
Stlth    ++........             (no amulet)
HPRegen  0.09/turn              g - ring of protection from fire
MPRegen  0.14/turn              (no ring)

@: very slightly contaminated
A: no striking features
a: Renounce Religion


You were on level 3 of the Dungeon.
You worshipped Vehumet.
Vehumet was noncommittal.
You were not hungry.

You visited 1 branch of the dungeon, and saw 3 of its levels.

You collected 136 gold pieces.

Inventory:

Hand Weapons
 f - a +0 dagger (weapon)
Armour
 b - a +0 pair of boots
 i - a +1 robe of cold resistance (worn)
Jewellery
 g - a ring of protection from fire (left hand)
Scrolls
 d - a scroll of teleportation
Comestibles
 a - 2 chunks of flesh
 c - 4 rations


   Skills:
 + Level 0.1 Fighting
 + Level 2.6 Dodging
 + Level 2.8 Stealth
 + Level 5.1 Spellcasting
 + Level 5.7 Conjurations


You had 3 spell levels left.
You knew the following spells:

 Your Spells              Type           Power        Failure   Level  Hunger
a - Magic Dart            Conj           ####         1%          1    None
b - Searing Ray           Conj           ####..       1%          2    None
c - Iskenderun's Mystic   Conj           ####....     10%         4    ####...
d - Force Lance           Conj/Tloc      ###.....     32%         4    ####...

Your spell library contained the following spells:

 Spells                   Type           Power        Failure   Level  Hunger
 Dazzling Spray           Conj/Hex       ###...       10%         3    ##.....
 Fulminant Prism          Conj/Hex       ###.......   32%         4    ####...


Dungeon Overview and Level Annotations

Branches:
Dungeon (3/15)

Altars:
Ashenzari
Cheibriados
Dithmenos
Fedhas
Hepliaklqana
Sif Muna
Trog
Vehumet

Annotations:
D:3 3 runed translucent doors, Jabberih's ghost, amateur OpTm


Message History

The leopard gecko bites you.
The orc priest calls down the wrath of Beogh upon you.
Beogh smites you!
Ouch! That really hurt!
Casting: Magic Dart (safe; 1% risk of failure)
Confirm with . or Enter, or press ? or * to list all spells.
Aiming: Iskenderun's Mystic Blast (safe; 10% risk of failure)
Press: ? - help, Shift-Dir - straight line, f/p - leopard gecko
Aim: a leopard gecko (lightly wounded, clinging)
The orb of energy misses the leopard gecko.
The orb of energy explodes!
The leopard gecko bites you.
* * * LOW HITPOINT WARNING * * *
A hobgoblin comes into view.
The leopard gecko bites you.
* * * LOW HITPOINT WARNING * * *
An orc priest comes into view. It is wielding a +0 flail.
You see here 16 bolts.
The orc priest invokes the aid of Beogh against you.
Beogh smites you!
You die...

.............##.#
........#####....#
###.....## ...#####.#
.....#.# #..####.# ..# #.#
#.....## ..## #.# #....#
#..###.# #....#########
##..##.########............#
##.##.#......).@..##.####.#
#......######.l### '#
####.### #..# .. #....# #.o#
... #..÷.# #..# ≈... #....#
#.oo ≈≈..+ #....# ####.
≈...# #....# .K ###### ..


You could see 3 orc priests and a leopard gecko.

Vanquished Creatures
  A worker ant (D:3)
  2 adders
  An ooze (D:1)
  4 dart slugs
  4 worms
  An orc (D:3)
  2 ball pythons
  6 bats
  11 goblins
  7 hobgoblins
  7 jackals
  11 kobolds
  3 quokkas
  3 frilled lizards
  6 rats
69 creatures vanquished.

Notes
Turn   | Place    | Note
-------+----------+-------------------------------------------
     0 | D:1      | UnderR0ck the Deep Elf Conjurer began the quest for the
                  | Orb.
     0 | D:1      | Reached XP level 1. HP: 10/10 MP: 6/6
    53 | D:1      | Reached XP level 2. HP: 9/15 MP: 1/8
   407 | D:1      | Reached skill level 5 in Conjurations
   697 | D:1      | Reached XP level 3. HP: 19/19 MP: 7/9
   707 | D:1      | Learned a level 2 spell: Searing Ray
  1436 | D:2      | Reached XP level 4. HP: 24/24 MP: 4/12
  1442 | D:2      | Learned a level 4 spell: Iskenderun's Mystic Blast
  1728 | D:3      | Found a runed translucent gate.
  1728 | D:3      | Found a runed translucent gate.
  1732 | D:3      | Found a runed translucent gate.
  1736 | D:3      | Noticed Jabberih's ghost (amateur OpTm)
  2121 | D:2      | Found a hazy altar of Hepliaklqana.
  2125 | D:2      | Found a shadowy altar of Dithmenos.
  2132 | D:2      | Found a shattered altar of Ashenzari.
  2132 | D:2      | Found a snail-covered altar of Cheibriados.
  2229 | D:2      | Found a radiant altar of Vehumet.
  2230 | D:2      | Found a shimmering blue altar of Sif Muna.
  2231 | D:2      | Found a blossoming altar of Fedhas.
  2241 | D:2      | Became a worshipper of Vehumet
  2519 | D:2      | Found a bloodstained altar of Trog.
  3311 | D:3      | Reached skill level 5 in Spellcasting
  3311 | D:3      | Reached XP level 5. HP: 22/28 MP: 6/14
  3415 | D:3      | Learned a level 4 spell: Force Lance
  3454 | D:3      | Killed from afar by an orc priest

Levels and vault maps discovered:
D:1:      lemuel_arrival_funnel, layout_rooms, minivault_25, minmay_pentomino_q2
D:2:      layout_loops_ring, minitemple, trog_hazing_becter
D:3:      layout_rooms, chequers_ecumenical_altar_lobes, first_ration,
          ebering_ghost_rock_garden, kennysheep_generic_room_8

Skill      XL: |  1  2  3  4 |
---------------+-------------+-----
Conjurations   | 5 |  5.7
Spellcasting   | 4 5 |  5.1
Fighting       | |  0.1
Dodging        | |  2.6
Stealth        | |  2.8

Action                   |  1- 3 |  4- 6 || total
-------------------------+-------+-------++-------
Melee: Unarmed           |     4 |       ||     4
       Club              |     9 |       ||     9
       Dagger            |       |     2 ||     2
 Cast: Magic Dart        |    72 |    44 ||   116
       Searing Ray       |     5 |     5 ||    10
       Iskenderun's Myst |       |     9 ||     9
  Use: Scroll            |     4 |     3 ||     7
       Potion            |     1 |     3 ||     4
  Eat: Chunk             |     1 |     3 ||     4
       Ration            |       |     2 ||     2
Armor: Robe              |     4 |     2 ||     6
Dodge: Dodged            |    25 |    16 ||    41
